 Dungeon Crawl Stone Soup version 0.30.1-9-gdf580d7c3d (webtiles) character file.

Game seed: 320395916513605364

2989 Dillybarz the Cleaver (level 9, -4/81 HPs)
             Began as a Minotaur Fighter on Oct 16, 2023.
             Slain by Maurice
             ... wielding a +5 dagger of venom
              (8 damage)
             ... on level 8 of the Dungeon.
             The game lasted 00:21:20 (6263 turns).

Dillybarz the Cleaver (Minotaur Fighter)            Turns: 6263, Time: 00:21:20

Health: -4/81      AC: 20    Str: 26    XL:     9   Next: 53%
Magic:  8/8        EV:  6    Int:  5    God:
Gold:   0          SH: 10    Dex:  9    Spells: 8/8 levels left

rFire   . . .        a - +1 war axe (protect)
rCold   + . .        t - +1 kite shield {rC+}
rNeg    . . .        e - +0 plate armour
rPois   .            (helmet restricted)
rElec   .            q - +2 cloak
rCorr   .            v - +2 pair of gloves
SInv    .            (no boots)
Will    .....        (no amulet) Stlth
                     (no ring)
HPRegen 0.33/turn    (no ring)
MPRegen 0.11/turn

%: no passive effects
@: lethally poisoned (-4 -> -16)
A: horns 2, retaliatory headbutt
a: no special abilities


You were on level 8 of the Dungeon.
You visited 2 branches of the dungeon, and saw 9 of its levels.
You also visited: Ossuary.

You collected 214 gold pieces.
You spent 214 gold pieces at shops.

Inventory:

Hand Weapons
 a - a +1 war axe of protection (weapon)
Missiles
 b - a throwing net
 k - 18 stones (quivered)
 A - 5 poisoned darts
Armour
 e - a +0 plate armour (worn)
 q - a +2 cloak (worn)
 t - a +1 kite shield of cold resistance (worn)
 v - a +2 pair of gloves (worn)
Wands
 p - a wand of acid (5)
 x - a wand of paralysis (2)
Scrolls
 c - a scroll of fog
 i - 2 scrolls of brand weapon
 n - 2 scrolls of teleportation
 o - a scroll of blinking
 w - a scroll of enchant weapon
 y - a scroll of amnesia {unknown}
Potions
 d - 2 potions of might
 f - 5 potions of lignification
 g - 3 potions of curing
 h - 2 potions of magic {unknown}
 j - 2 potions of heal wounds {unknown}
 l - a potion of resistance {unknown}
 m - 4 potions of brilliance {unknown}
 r - 2 potions of attraction {unknown}
 s - 2 potions of mutation {unknown}
 u - a potion of cancellation {unknown}
 z - 2 potions of invisibility


   Skills:
 + Level 8.0 Fighting
 * Level 10.3 Axes
 + Level 8.0 Armour
 + Level 8.0 Shields


You had 8 spell levels left.
You didn't know any spells.
Your spell library contained the following spells:

 Spells                   Type           Power      Damage    Failure   Level
 Freeze                   Ice            0%         1d3       100%        1
 Cigotuvi's Dreadful Rot  Necr/Pois/Air  0%         N/A       100%        2
 Sublimation of Blood     Necr           0%         N/A       100%        2
 Wereblood                Tmut           0%         N/A       100%        2
 Frozen Ramparts          Ice            0%         1d1       100%        3
 Hailstorm                Conj/Ice       0%         3d3       100%        3
 Ozocubu's Armour         Ice            0%         N/A       100%        3
 Vhi's Electric Charge    Tloc/Air       0%         N/A       100%        3
 Dispel Undead            Necr           0%         3d6       100%        4
 Arcjolt                  Conj/Air       0%         1d10      100%        5
 Death Channel            Necr           0%         N/A       100%        6
 Plasma Beam              Fire/Air       0%         2x1d11    100%        6
 Ozocubu's Refrigeration  Ice            0%         4d7       100%        7
 Summon Hydra             Summ           0%         N/A       100%        7


Dungeon Overview and Level Annotations

Branches:
Dungeon (8/15)             Temple (1/1) D:4         Ossuary (visited)
   Lair: D:8-11

Altars:
Ashenzari
Cheibriados
Dithmenos
Elyvilon
Fedhas
Gozag
Hepliaklqana
Kikubaaqudgha
Makhleb
Nemelex Xobeh
Qazlal
Ru
Sif Muna
Trog
Uskayaw
Vehumet
Wu Jian
Xom
Yredelemnul
Zin
The Shining One

Shops:
D:6 [

Annotations:
D:8 Maurice


Innate Abilities, Weirdness & Mutations

You have a pair of horns on your head.
You reflexively headbutt those who attack you in melee.


Message History

Maurice blinks!
You start resting.
Maurice is nearby!
Maurice drinks a potion.
Maurice flickers and vanishes!
You closely miss something. Something hits you but does no damage.
You are poisoned.
You barely miss something. Your headbutt misses something.
You feel sick. Something hits you.
Something steals 1 of your 2 throwing nets!
You are more poisoned.
You closely miss something.
You feel very sick.
You hear a zap.
A puff of flame appears from out of thin air!
The puff of flame hits you but does no damage.
You closely miss something. Your headbutt misses something.
You feel very sick. Something hits you but does no damage.
You are more poisoned.
You completely miss something.
* * * LOW HITPOINT WARNING * * *
You feel very sick.
You hear some strange, mumbled words.
* * * LOW HITPOINT WARNING * * *
You feel very sick.
A throwing net appears from out of thin air!
The throwing net hits you.
You become entangled in the net!
You see here a throwing net.
You struggle against the net.
* * * LOW HITPOINT WARNING * * *
You feel very sick.
You hear some strange, mumbled words.
You struggle against the net.
You feel sick.
You shred the net and break free!
You feel sick. Something hits you but does no damage.
You are lethally poisoned!
* * * LOW HITPOINT WARNING * * *
You feel very sick. Something hits you!
You die...

....... ....... ...{...
. ##....... . ##........
#......... ###
###.######### ..#
######...####....#
..######
.......@..........
..#....
.######.######.#.. .#..#
########...#####..
..)####.....##.........#
..†.........[.......####
.####<...............#
†##.................)#
.##.#....<...........#
.†..#................#


There were no monsters in sight!

Vanquished Creatures
  Joseph (D:8)
  A wyvern (D:8)
  3 water moccasins
  A sky beast (D:7)
  3 black bears
  An ice beast (D:7)
  2 centaurs
  2 phantoms (D:5)
  A bullfrog (D:6)
  2 scorpions (D:5)
  5 killer bees (D:8)
  2 howler monkeys (D:5)
  3 centaur zombies (Ossuary)
  6 hounds
  2 gnoll boudas
  4 orc priests
  A sleepcap (D:6)
  3 iguanas
  An orc wizard (D:5)
  6 mummies (Ossuary)
  7 adders
  14 gnolls
  A shadow imp (D:6)
  2 ufetubi
  A worm (D:3)
  A dart slug (D:2)
  11 orcs
  4 ball pythons
  3 endoplasms (D:1)
  5 giant cockroaches
  9 goblins
  8 hobgoblins
  2 jackals (D:4)
  5 kobolds
  4 quokkas
  6 bats
  3 frilled lizards
  4 hobgoblin zombies (Ossuary)
  7 rats
147 creatures vanquished.

Vanquished Creatures (others)
  A human (D:3)
1 creature vanquished.

Grand Total: 148 creatures vanquished

Notes
Turn   | Place    | Note
-------+----------+-------------------------------------------
     0 | D:1      | Dillybarz the Minotaur Fighter began the quest for the Orb.
     0 | D:1      | Reached XP level 1. HP: 19/19 MP: 0/0
   108 | D:1      | Reached XP level 2. HP: 23/27 MP: 1/1
   238 | D:1      | Reached skill level 3 in Axes
   663 | D:2      | Found a burning altar of Makhleb.
   691 | D:2      | Reached XP level 3. HP: 33/33 MP: 2/2
  1628 | D:3      | Found an ancient bone altar of Kikubaaqudgha.
  1630 | D:3      | Reached XP level 4. HP: 40/40 MP: 3/3
  1632 | D:3      | Noticed a human
  1633 | D:3      | Killed a human
  1638 | D:3      | Reached skill level 4 in Axes
  1961 | D:3      | Noticed a black bear
  1975 | D:3      | Killed a black bear
  1976 | D:3      | Reached XP level 5. HP: 26/47 MP: 4/4
  2111 | D:3      | Found a sacrificial altar of Ru.
  2502 | D:4      | Found a staircase to the Ecumenical Temple.
  2507 | Temple   | Entered the Ecumenical Temple
  2524 | D:4      | Reached skill level 5 in Axes
  2675 | D:4      | Noticed a black bear
  2687 | D:4      | Killed a black bear
  2688 | D:4      | Reached skill level 5 in Fighting
  2688 | D:4      | Reached skill level 5 in Armour
  2688 | D:4      | Reached skill level 5 in Shields
  2688 | D:4      | Reached XP level 6. HP: 42/56 MP: 5/5
  3244 | D:5      | Entered Level 5 of the Dungeon
  3267 | D:5      | Reached skill level 6 in Axes
  3318 | D:5      | Reached XP level 7. HP: 56/61 MP: 6/6
  3474 | D:5      | Found an opulent altar of Gozag.
  3758 | D:5      | Reached skill level 7 in Axes
  3960 | D:5      | Reached XP level 8. HP: 66/70 MP: 7/7
  4107 | D:6      | Reached skill level 8 in Axes
  4190 | D:6      | Found Edis Suptawe's Armour Boutique.
  4204 | D:6      | Bought a +1 kite shield of cold resistance for 214 gold
                  | pieces
  4260 | D:6      | Found a sand-covered staircase.
  4266 | Ossuary  | Entered an ossuary
  5135 | D:7      | Reached skill level 9 in Axes
  5142 | D:7      | Reached XP level 9. HP: 79/79 MP: 8/8
  5193 | D:7      | Found a radiant altar of Vehumet.
  5341 | D:7      | Found a glowing golden altar of the Shining One.
  5344 | D:7      | Found a broken altar of Ashenzari.
  6060 | D:8      | Noticed Joseph
  6070 | D:8      | Killed Joseph
  6071 | D:8      | Reached skill level 10 in Axes
  6198 | D:8      | Identified the +1 chain mail of the Wasteland {Int+2}
  6209 | D:8      | Noticed Maurice
  6263 | D:8      | HP: 4/81 [poisoned by Maurice]
  6263 | D:8      | Slain by Maurice

Illustrated notes

Levels and vault maps discovered:
D:1:      lightli_molten_gateway, layout_basic
D:2:      layout_basic, basic_altar
D:3:      layout_basic, nicolae_ru_sacrificial_ziggurat, tgw_kikubaaqudgha,
          serial_glass, glass_columns_b, glass_columns_b
D:4:      layout_basic, minmay_temple_entry_wispy
D:5:      layout_loops_cross, mainiacjoe_overflow_six_doors_small,
          kennysheep_path_1
D:6:      layout_layer_cave, enter_ossuary_1, serial_shops,
          nicolae_shop_temple_entry_statues_fountains
D:7:      layout_loops_corners, mainiacjoe_overflow_boulevard,
          nicolae_overflow_hidden_temple
D:8:      layout_rooms, okawaru_trees_1, nicolae_hexahallways, uniq_joseph,
          uniq_maurice
Temple:   nicolae_temple_no_exploring_needed

Skill      XL: |  1  2  3  4  5  6  7  8  9 |
---------------+----------------------------+-----
Axes           | 3 4 5 6 7 9 10 | 10.3
Armour         | 4 5 6 7 8 |  8.0
Fighting       | 4 5 6 7 8 |  8.0
Shields        | 4 5 6 7 8 |  8.0

Action                     |  1- 3 |  4- 6 |  7- 9 || total
---------------------------+-------+-------+-------++-------
  Melee: War axe           |    99 |   102 |   239 ||   440
         Headbutt          |    14 |    20 |    33 ||    67
  Throw: Stone             |       |     3 |       ||     3
    Use: Scroll            |       |     7 |     7 ||    14
 Armour: Scale mail        |    40 |       |       ||    40
         Chain mail        |     5 |    32 |       ||    37
         Plate armour      |       |    53 |   174 ||   227
  Dodge: Dodged            |    48 |    43 |    64 ||   155
  Block: Buckler           |    21 |    25 |    19 ||    65
         Kite shield       |       |       |    85 ||    85
